 Dungeon Crawl Stone Soup version 0.30-a0-140-gd1020e658a (webtiles) character file.

Game seed: 460112328057131730

865 Decritt the Shooter (level 7, -4/38 HPs)
             Began as a Spriggan Hunter on Sept 24, 2022.
             Was a Follower of Fedhas.
             Slain by a water moccasin (5 damage)
             ... on level 5 of the Dungeon.
             The game lasted 00:09:27 (5762 turns).

Decritt the Shooter (Spriggan Hunter)               Turns: 5762, Time: 00:09:27

Health: -4/38      AC:  6    Str:  7    XL:     7   Next: 72%
Magic:  9/9        EV: 20    Int: 11    God:    Fedhas [*.....]
Gold:   242        SH:  0    Dex: 20    Spells: 6/6 levels left

rFire   . . .      SeeInvis +    a - +0 shortbow
rCold   . . .      Faith    .    (shield currently unavailable)
rNeg    . . .      Spirit   .    c - +1 robe
rPois   .          Reflect  .    (helmet restricted)
rElec   .          Harm     .    w - +2 cloak {Stlth+}
rCorr   +          Rampage  .    (gloves unavailable)
Will    ++...                    (boots unavailable)
Stlth   ++++......               n - amulet of magic regeneration
HPRegen 0.12/turn                j - ring of willpower
MPRegen 0.51/turn                l - ring of resist corrosion

@: lethally poisoned (-4 -> -15), attractive, very quick
A: very small, no large weapons, unfitting armour, see invisible, speed 3
a: Renounce Religion


You were on level 5 of the Dungeon.
You worshipped Fedhas.
Fedhas was aware of your devotion.
You visited 1 branch of the dungeon, and saw 6 of its levels.

You collected 242 gold pieces.

Inventory:

Hand Weapons
 a - a +0 shortbow (weapon)
 x - a +4 quarterstaff of chaos
Armour
 c - a +1 robe (worn)
 k - a +0 buckler
 w - a +2 cloak of stealth (worn)
Jewellery
 j - a ring of willpower (left hand)
 l - a ring of resist corrosion (right hand)
 n - an amulet of magic regeneration (around neck)
Wands
 d - a wand of polymorph (4)
 u - a wand of flame (32)
Scrolls
 b - 3 scrolls of immolation
 e - a scroll of blinking
 h - 2 scrolls of poison
 s - 2 scrolls of enchant armour
Potions
 g - 3 potions of haste
 m - a potion of curing {unknown}
 o - 2 potions of mutation
 v - a potion of resistance


   Skills:
 * Level 4.4 Fighting
 * Level 6.3 Ranged Weapons
 + Level 5.5 Dodging
 - Level 4.4 Stealth
 + Level 2.0 Invocations


You had 6 spell levels left.
You didn't know any spells.
Your spell library contained the following spells:

 Spells                   Type           Power      Damage    Failure   Level
 Gell's Gravitas          Tloc           0%         N/A       71%         3
 Teleport Other           Tloc           0%         N/A       71%         3
 Dispersal                Tloc           0%         N/A       100%        6


Dungeon Overview and Level Annotations

Branches:
Dungeon (6/15)             Temple (0/1) D:4

Altars:
Cheibriados
Dithmenos
Elyvilon
Fedhas
Sif Muna
Trog
Uskayaw
Yredelemnul


Innate Abilities, Weirdness & Mutations

You are very small and have problems with some larger weapons.
You are too small for most types of armour.
You have supernaturally acute eyesight. (SInv)
You cover ground extremely quickly. (Speed+++)


Message History

The magic dart hits you.
* * * LOW HITPOINT WARNING * * *
The orc wizard gestures at you while chanting.
The puff of flame hits you!
* * * LOW HITPOINT WARNING * * *
There is a stone staircase leading up here.
You climb upwards.
There is a stone staircase leading down here.
You are too injured to fight recklessly!
You are too injured to fight recklessly!
You are too injured to fight recklessly!
A water moccasin is nearby!
Fire: a) +0 shortbow
Press: ? - help, Q - select action, (/) - cycle Shift-Dir - straight line, f - water moccasin
Aim: a water moccasin (wandering, hasn't noticed you, 52% to hit)
You shoot an arrow. The arrow hits the water moccasin.
The water moccasin is lightly wounded.
Fire: a) +0 shortbow
Press: ? - help, Q - select action, (/) - cycle Shift-Dir - straight line, f/p - water moccasin
Aim: a water moccasin (lightly wounded, 52% to hit)
You shoot an arrow. The arrow hits the water moccasin.
The water moccasin is moderately wounded.
The water moccasin misses you.
Fire: a) +0 shortbow
Press: ? - help, Q - select action, (/) - cycle Shift-Dir - straight line, f/p - water moccasin
Aim: a water moccasin (lightly wounded, 52% to hit)
You shoot an arrow.
The arrow hits the water moccasin but does no damage.
The water moccasin is lightly wounded.
The water moccasin bites you.
* * * LOW HITPOINT WARNING * * *
You are lethally poisoned!
The water moccasin poisons you! The water moccasin misses you.
It was a potion of attraction.
You feel attractive to monsters.
* * * LOW HITPOINT WARNING * * *
You feel very sick. The water moccasin bites you.
You die...
Fedhas appreciates your contribution to the ecosystem.

#. #. ..
#. #. #.
#.#.#####
#...@S>.#
#..####.#
#. ... #
....#
....#
....#
#####


You could see a water moccasin.

Vanquished Creatures
  An ogre (D:4)
  2 necrophages (D:5)
  2 bullfrogs (D:6)
  2 vampire bats (D:3)
  A jelly (D:5)
  Crazy Yiuf (D:4)
  An orc priest (D:4)
  2 hounds (D:6)
  An iguana (D:5)
  Ijyb (D:5)
  2 orc wizards (D:5)
  9 adders
  A worm (D:3)
  4 dart slugs
  4 orcs
  7 endoplasms
  2 giant cockroaches
  11 goblins
  11 hobgoblins
  12 jackals
  2 kobolds
  4 quokkas
  10 ball pythons
  11 bats
  4 frilled lizards
  7 rats
115 creatures vanquished.

Notes
Turn   | Place    | Note
-------+----------+-------------------------------------------
     0 | D:1      | Decritt the Spriggan Hunter began the quest for the Orb.
     0 | D:1      | Reached XP level 1. HP: 10/10 MP: 2/2
   519 | D:1      | Reached XP level 2. HP: 3/15 MP: 3/3
  1075 | D:1      | Reached XP level 3. HP: 18/18 MP: 4/4
  1142 | D:1      | Found a faded altar of an unknown god.
  1893 | D:2      | Reached XP level 4. HP: 19/23 MP: 5/5
  2208 | D:3      | Found a hide-covered altar of Uskayaw.
  2232 | D:3      | Found a snail-covered altar of Cheibriados.
  2232 | D:3      | Found a bloodstained altar of Trog.
  2596 | D:3      | Reached XP level 5. HP: 25/27 MP: 6/6
  2909 | D:3      | Reached skill level 5 in Ranged Weapons
  3065 | D:4      | Found a white marble altar of Elyvilon.
  3103 | D:4      | Found the +1 Delatra's gloves {ID++}
  3214 | D:4      | Found a basalt altar of Yredelemnul.
  3384 | D:4      | Found a shimmering blue altar of Sif Muna.
  3416 | D:4      | Found a blossoming altar of Fedhas.
  3426 | D:4      | Became a worshipper of Fedhas Madash
  3438 | D:4      | Found a staircase to the Ecumenical Temple.
  3474 | D:4      | Noticed an ogre
  3496 | D:4      | Killed an ogre
  3497 | D:4      | Reached XP level 6. HP: 32/32 MP: 7/7
  3516 | D:4      | Found a shadowy altar of Dithmenos.
  3667 | D:4      | Found a runed translucent door.
  3668 | D:4      | Noticed Crazy Yiuf
  3711 | D:4      | Killed Crazy Yiuf
  4109 | D:5      | Entered Level 5 of the Dungeon
  4119 | D:5      | Noticed Ijyb
  4124 | D:5      | Killed Ijyb
  4373 | D:5      | Reached skill level 1 in Invocations
  4412 | D:5      | Reached skill level 5 in Dodging
  4412 | D:5      | Reached XP level 7. HP: 37/37 MP: 8/8
  5273 | D:5      | Reached skill level 6 in Ranged Weapons
  5566 | D:6      | Reached * piety under Fedhas
  5762 | D:5      | HP: 1/38 [poisoned by a water moccasin]
  5762 | D:5      | Slain by a water moccasin

Illustrated notes

Levels and vault maps discovered:
D:1:      minmay_arrival_five_plusses, layout_basic,
          shapermc_ecumenical_altar_mp_highgroup
D:2:      layout_loops_ring
D:3:      layout_loops_cross, nicolae_uskayaw_suspiria,
          amethyst_overflow_temple_binary, roderic_batcave,
          hangedman_decor_opposing, serial_bayou_lagoon_a
D:4:      layout_loops_ring, kennysheep_ying_yang, mainiacjoe_overflow_alcove_1,
          nicolae_dithmenos_through_a_glass_darkly, fedhas_altar_2,
          minmay_temple_entry_drinking_statues, uniq_crazy_yiuf_cottage
D:5:      layout_basic, serial_shops, shop, grunt_decor_resistance, uniq_ijyb,
          uniq_grinder
D:6:      layout_cave_pools, nicolae_overflow_crystal_walls, uniq_prince_ribbit1

Skill      XL: |  1  2  3  4  5  6  7 |
---------------+----------------------+-----
Stealth        | 2 3 4 |  4.4
Dodging        | 3 4 5 |  5.5
Fighting       | 2 3 4 |  4.4
Ranged Weapons | 5 6 |  6.3
Invocations    | 1 2 |  2.0

Action                   |  1- 3 |  4- 6 |  7- 9 || total
-------------------------+-------+-------+-------++-------
 Fire: Shortbow          |   124 |   194 |    72 ||   390
  Use: Scroll            |       |    11 |       ||    11
       Potion            |       |       |     1 ||     1
Armor: Robe              |     5 |    15 |     1 ||    21
Dodge: Dodged            |    55 |    93 |    36 ||   184

Table legend: (Time is in decaauts)
 A = Elapsed time spent in this place.
 B = Non-inter-level travel time spent in this place.
 C = Inter-level travel time spent in this place.
 D = Time resting spent in this place.
 E = Time spent auto-exploring this place.
 F = Levels seen in this place.
 G = Mean time per level.
                   A        B        C        D        E       F      G
               +--------+--------+--------+--------+--------+-----+--------+
         Total |   4634 |   4534 |    100 |    986 |   2788 |   6 |  772.3 |
       Dungeon |   4634 |   4534 |    100 |    986 |   2788 |   6 |  772.3 |
               +--------+--------+--------+--------+--------+-----+--------+

Top non-repeatable levels by time:
     D:1: 1192 daAuts
     D:5: 1095 daAuts
     D:4: 903 daAuts
     D:3: 648 daAuts
     D:2: 503 daAuts
     D:6: 291 daAuts
